Senators vs Demolitions
(R2)
Created - November 6, 2018 at 19:15
Goals
|
Senators |
2 |
1 |
0 |
3 |
Demolitions |
1 |
1 |
2 |
4 |
|
Shots
|
Senators |
13 |
19 |
13 |
45 |
Demolitions |
10 |
7 |
15 |
32 |
|
1st period
1. Demolitions , Brandon McMillan 2 (Justin Falk 9, Phil McRae 2) at 3:05
2. Senators , Tomas Jurco 2 (Tommy Wingels 8) at 18:29
3. Senators , Andy Andreoff 3 (Johannes Salmonsson 2) at 19:41
Penalties :
Garnet Hathaway (Vic) for Slashing (Minor) at 5:36, Matt Frattin (BIN) for Cross-checking (Minor) at 10:18, Arturs Kulda (BIN) for Hooking (Minor) at 15:55, Corban Knight (Vic) for High sticking (Minor) at 16:17
2nd period
4. Senators , Nick Foligno 6 (Tomas Jurco 1) at 2:13 (PP)
5. Demolitions , Corban Knight 2 (Garnet Hathaway 8, Erik Cole 5) at 10:23 (PP)
Penalties :
Garnet Hathaway (Vic) for Holding (Minor) at 1:22, Tommy Wingels (BIN) for Hooking (Minor) at 5:20, Matt Frattin (BIN) for Roughing (Minor) at 10:17, Erik Cole (Vic) for Interference (Minor) at 12:21
3rd period
6. Demolitions , Billy Sweat 2 (Aaron Palushaj 2) at 6:05
7. Demolitions , Erik Cole 7 (Nick Pryor 1, Garnet Hathaway 9) at 12:53
Penalties :
Dylan Blujus (BIN) for Holding Stick (Minor) at 6:28, Derek Forbort (Vic) for Interference (Minor) at 10:43
Goalie Stats
Brad Thiessen (BIN), 28 saves from 32 shots - (0.875), L, 5-4-1, 58:57 minutes
Karri Ramo (Vic), 42 saves from 45 shots - (0.933), W, 4-3-0, 60:00 minutes
Players Stats for Senators
Player Name G A P +/- PIM S H SB GA TA FO MP PP MP PK MP
------------------------------------------------------------------------------------
Andy Andreoff 1 0 1 0 0 2 2 0 2 0 0/0 8:37 0:00 0:43
Arturs Kulda 0 0 0 -1 2 2 1 1 0 0 0/0 25:31 4:19 3:34
Blake Coleman 0 0 0 0 0 0 0 0 0 0 1/1 2:27 0:00 1:33
Brett Bulmer 0 0 0 0 0 0 1 0 0 0 0/0 1:12 0:57 0:00
Chandler Stephenson 0 0 0 0 0 1 0 0 1 0 2/2 7:20 0:00 0:00
Dylan Blujus 0 0 0 0 2 2 0 1 0 0 0/0 11:24 0:08 0:00
Gabriel Bourque 0 0 0 0 0 10 1 1 1 2 4/7 23:58 3:47 3:33
Grant Besse 0 0 0 0 0 1 0 1 0 0 0/0 8:14 0:44 0:00
Ian Cole 0 0 0 -2 0 1 3 2 0 0 0/0 28:30 4:19 3:37
Johannes Salmonsson 0 1 1 -1 0 0 2 0 0 0 0/0 11:19 0:00 1:44
Keegan Lowe 0 0 0 0 0 2 1 0 0 0 0/0 11:39 0:09 0:41
Mason Geertsen 0 0 0 -1 0 0 0 0 0 0 0/0 2:38 0:08 0:00
Matt Frattin 0 0 0 0 4 2 0 0 0 1 0/2 19:34 3:47 0:00
Nick Foligno 1 0 1 0 0 4 3 0 1 0 0/1 16:15 2:26 1:44
Olli Maatta 0 0 0 1 0 1 0 1 0 1 0/0 20:13 2:43 2:29
Phil Di Giuseppe 0 0 0 0 0 0 0 0 0 0 0/0 1:20 0:57 0:00
Samuel Morin 0 0 0 1 0 2 1 0 0 1 0/0 20:13 2:43 2:29
Sebastian Wannstrom 0 0 0 -1 0 0 1 0 0 0 0/0 9:13 0:00 0:00
Stephane Da Costa 0 0 0 0 0 9 1 2 3 0 20/32 24:26 3:51 3:33
Tomas Jurco 1 1 2 0 0 2 1 0 0 0 0/0 14:09 2:26 0:00
Tommy Wingels 0 1 1 0 2 4 1 0 0 0 10/15 14:28 2:26 0:00
Zemgus Girgensons 0 0 0 -1 0 0 1 0 0 1 1/2 9:13 0:00 0:00
Players Stats for Demolitions
Player Name G A P +/- PIM S H SB GA TA FO MP PP MP PK MP
------------------------------------------------------------------------------------
Aaron Palushaj 0 1 1 1 0 1 1 0 0 0 0/0 8:49 0:00 0:00
Andrej Nestrasil 0 0 0 0 0 1 1 0 0 1 5/12 16:50 2:53 0:16
Billy Sweat 1 0 1 1 0 2 3 0 2 0 0/0 8:02 0:16 0:00
Brandon McMillan 1 0 1 1 0 2 0 1 1 1 0/0 11:10 0:19 1:20
Cameron Schilling 0 0 0 0 0 4 3 1 0 1 0/0 29:40 3:18 5:03
Corban Knight 1 0 1 -2 2 2 2 1 1 0 12/25 21:21 3:12 1:09
Derek Forbort 0 0 0 1 2 0 1 2 0 0 0/0 20:29 3:07 0:13
Dmitri Orlov 0 0 0 0 0 1 0 0 0 0 0/0 1:49 0:00 0:00
Erik Cole 1 1 2 -1 2 4 1 0 0 1 4/11 23:04 3:16 3:22
Garnet Hathaway 0 2 2 -1 4 4 3 1 0 1 0/0 21:51 3:16 2:21
Joel Vermin 0 0 0 1 0 0 3 1 0 0 0/0 7:49 0:16 0:00
Justin Falk 0 1 1 0 0 5 3 2 0 1 0/0 29:40 3:18 5:03
Lane MacDermid 0 0 0 0 0 4 7 0 0 0 0/1 19:09 2:53 2:12
Nick Pryor 0 1 1 1 0 0 2 5 0 0 0/0 15:55 0:00 1:54
Nick Shore 0 0 0 1 0 0 0 0 1 1 1/2 7:13 0:00 0:00
Phil McRae 0 1 1 1 0 1 0 1 1 0 1/5 11:41 0:00 2:35
Robert Bortuzzo 0 0 0 1 0 1 1 0 0 1 0/0 19:14 3:07 2:07
Spencer Machacek 0 0 0 0 0 0 3 1 0 0 1/6 17:22 2:53 1:05
3 Stars
1 - Billy Sweat (Vic)
2 - Karri Ramo (Vic)
3 - Tomas Jurco (BIN)
Power Play
Senators - 1 on 5 Attempt(s) - 20.00%
Demolitions - 1 on 5 Attempt(s) - 20.00%
Penalty Kill
Senators - 4 on 5 Attempt(s) - 80.00%
- Score 0 goal in Penalty Kill
Demolitions - 4 on 5 Attempt(s) - 80.00%
- Score 0 goal in Penalty Kill
Team Stat
Senators - Hits : 20 - Faceoff Wins : 38 - Blocked Shots : 9 - Penalty Minutes : 10
Demolitions - Hits : 34 - Faceoff Wins : 24 - Blocked Shots : 16 - Penalty Minutes : 10
Official
Referees : Unknown
Linesman : Unknown
Game Notes
Dmitri Orlov is injured at 5:32 of 1st period (Right Hand)
Finance
Level 1 -- Attendance: 1448 (72.40%) -- Ticket Income $37,648
Level 2 -- Attendance: 701 (70.10%) -- Ticket Income $6,309
Total Attendance: 2149 (71.63%)
Total Ticket Income: $43,957
Other Income: $2,198
Total Income: $46,155
Senators
5 vs 5 Forward
Center Left Wing Right Wing Time % Phy DF OF
1 Stephane Da Costa Gabriel Bourque Matt Frattin 40 1 2 2
2 Tommy Wingels Nick Foligno Tomas Jurco 30 1 2 2
3 Zemgus Girgensons Johannes Salmonsson Sebastian Wannstrom 20 1 2 2
4 Chandler Stephenson Andy Andreoff Grant Besse 10 1 2 2
5 vs 5 Defense
Defense Defense Time % Phy DF OF
1 Ian Cole Arturs Kulda 40 1 2 2
2 Olli Maatta Samuel Morin 30 1 2 2
3 Dylan Blujus Keegan Lowe 20 1 2 2
4 Mason Geertsen Ian Cole 10 1 2 2
PowerPlay Forward
Center Left Wing Right Wing Time % Phy DF OF
1 Stephane Da Costa Gabriel Bourque Matt Frattin 60 1 2 2
2 Tommy Wingels Nick Foligno Tomas Jurco 40 1 2 2
PowerPlay Defense
Defense Defense Time % Phy DF OF
1 Ian Cole Arturs Kulda 60 1 2 2
2 Olli Maatta Samuel Morin 40 1 2 2
Penalty Kill 4 Players Forward
Center Wing Time % Phy DF OF
1 Gabriel Bourque Stephane Da Costa 60 1 2 2
2 Nick Foligno Johannes Salmonsson 40 1 2 2
Penalty Kill 4 Players Defense
Defense Defense Time % Phy DF OF
1 Ian Cole Arturs Kulda 60 1 2 2
2 Olli Maatta Samuel Morin 40 1 2 2
Penalty Kill - 3 Players Forward
Forward Time % Phy DF OF
1 Gabriel Bourque 60 1 2 2
2 Stephane Da Costa 40 1 2 2
Penalty Kill - 3 Players Defense
Defense Defense Time % Phy DF OF
1 Ian Cole Arturs Kulda 60 1 2 2
2 Olli Maatta Samuel Morin 40 1 2 2
4 vs 4 Forward
Center Wing Time % Phy DF OF
1 Gabriel Bourque Stephane Da Costa 60 1 2 2
2 Nick Foligno Johannes Salmonsson 40 1 2 2
4 vs 4 Defense
Defense Defense Time % Phy DF OF
1 Ian Cole Arturs Kulda 60 1 2 2
2 Olli Maatta Samuel Morin 40 1 2 2
Last Minutes Offensive
Center Left Wing Right Wing Defense Defense
Stephane Da Costa Gabriel Bourque Matt Frattin Ian Cole Arturs Kulda
Last Minutes Defensive
Center Left Wing Right Wing Defense Defense
Stephane Da Costa Gabriel Bourque Matt Frattin Ian Cole Arturs Kulda
Goaltenders
Starting : Brad Thiessen
Backup : Ben Bishop
Extra Forwards
Normal : Phil Di Giuseppe, Brett Bulmer, Blake Coleman - PP : Phil Di Giuseppe, Brett Bulmer - PK : Blake Coleman
Extra Defensemen
Normal : Dylan Blujus, Keegan Lowe, Mason Geertsen - PP : Dylan Blujus - PK : Keegan Lowe, Mason Geertsen
Penalty Shots
Gabriel Bourque, Stephane Da Costa, Nick Foligno, Johannes Salmonsson, Tommy Wingels
Scratches
None
Demolitions
5 vs 5 Forward
Center Left Wing Right Wing Time % Phy DF OF
1 Corban Knight Erik Cole Garnet Hathaway 40 1 2 2
2 Andrej Nestrasil Lane MacDermid Spencer Machacek 30 1 2 2
3 Phil McRae Brandon McMillan Aaron Palushaj 20 1 2 2
4 Nick Shore Billy Sweat Joel Vermin 10 1 2 2
5 vs 5 Defense
Defense Defense Time % Phy DF OF
1 Justin Falk Cameron Schilling 40 1 2 2
2 Dmitri Orlov Robert Bortuzzo 30 1 2 2
3 Derek Forbort Nick Pryor 20 1 2 2
4 Justin Falk Cameron Schilling 10 1 2 2
PowerPlay Forward
Center Left Wing Right Wing Time % Phy DF OF
1 Corban Knight Erik Cole Garnet Hathaway 60 1 2 2
2 Andrej Nestrasil Lane MacDermid Spencer Machacek 40 1 2 2
PowerPlay Defense
Defense Defense Time % Phy DF OF
1 Justin Falk Cameron Schilling 60 1 2 2
2 Dmitri Orlov Robert Bortuzzo 40 1 2 2
Penalty Kill 4 Players Forward
Center Wing Time % Phy DF OF
1 Erik Cole Garnet Hathaway 60 1 2 2
2 Spencer Machacek Lane MacDermid 40 1 2 2
Penalty Kill 4 Players Defense
Defense Defense Time % Phy DF OF
1 Justin Falk Cameron Schilling 60 1 2 2
2 Dmitri Orlov Robert Bortuzzo 40 1 2 2
Penalty Kill - 3 Players Forward
Forward Time % Phy DF OF
1 Erik Cole 60 1 2 2
2 Garnet Hathaway 40 1 2 2
Penalty Kill - 3 Players Defense
Defense Defense Time % Phy DF OF
1 Justin Falk Cameron Schilling 60 1 2 2
2 Dmitri Orlov Robert Bortuzzo 40 1 2 2
4 vs 4 Forward
Center Wing Time % Phy DF OF
1 Erik Cole Garnet Hathaway 60 1 2 2
2 Spencer Machacek Lane MacDermid 40 1 2 2
4 vs 4 Defense
Defense Defense Time % Phy DF OF
1 Justin Falk Cameron Schilling 60 1 2 2
2 Dmitri Orlov Robert Bortuzzo 40 1 2 2
Last Minutes Offensive
Center Left Wing Right Wing Defense Defense
Corban Knight Erik Cole Garnet Hathaway Justin Falk Cameron Schilling
Last Minutes Defensive
Center Left Wing Right Wing Defense Defense
Corban Knight Erik Cole Garnet Hathaway Justin Falk Cameron Schilling
Goaltenders
Starting : Karri Ramo
Backup : Connor Hellebyuk
Extra Forwards
Normal : Brandon McMillan, Billy Sweat, Phil McRae - PP : Brandon McMillan, Billy Sweat - PK : Phil McRae
Extra Defensemen
Normal : Derek Forbort, Nick Pryor, Dmitri Orlov - PP : Derek Forbort - PK : Nick Pryor, Dmitri Orlov
Penalty Shots
Erik Cole, Garnet Hathaway, Spencer Machacek, Lane MacDermid, Corban Knight
Scratches
Alex Hutchings (Healthy), Ryan Olsen (Healthy), Thomas DiPauli (Healthy), JC Lipon (Healthy), Taylor Aronson (Healthy)
Taylor Leier (Healthy), Colton Sceviour (Healthy), Jake Paterson (Healthy)
% Time on Ice - Senators
Lines # - Real PCT - Wanted PCT - Time Play
Normal Forward
1 - 35% - 40% - 15:18
2 - 27% - 30% - 11:43
3 - 21% - 20% - 9:13
4 - 17% - 10% - 7:20
Normal Defense
1 - 38% - 40% - 16:35
2 - 34% - 30% - 14:36
3 - 23% - 20% - 10:03
4 - 5% - 10% - 2:20
PP Forward
1 - 66% - 60% - 4:44
2 - 34% - 40% - 2:26
PP Defense
1 - 62% - 60% - 4:27
2 - 38% - 40% - 2:43
PK Forward
1 - 73% - 60% - 4:41
2 - 27% - 40% - 1:44
PK Defense
1 - 61% - 60% - 3:56
2 - 39% - 40% - 2:29
PK3 Forward
1 - 0% - 60%
2 - 0% - 40%
PK3 Defense
1 - 0% - 60%
2 - 0% - 40%
44 Forward
1 - 77% - 60% - 1:15
2 - 23% - 40% - 0:22
44 Defense
1 - 74% - 60% - 1:12
2 - 26% - 40% - 0:25
Last Minute Offensive - 1:14
Last Minute Defensive - 0:00
Total
Forward - 60:00
Defense - 60:00
|
% Time on Ice - Demolitions
Lines # - Real PCT - Wanted PCT - Time Play
Normal Forward
1 - 33% - 40% - 14:28
2 - 30% - 30% - 13:04
3 - 20% - 20% - 8:49
4 - 17% - 10% - 7:13
Normal Defense
1 - 39% - 40% - 17:07
2 - 37% - 30% - 16:14
3 - 21% - 20% - 9:03
4 - 3% - 10% - 1:10
PP Forward
1 - 55% - 60% - 3:32
2 - 45% - 40% - 2:53
PP Defense
1 - 51% - 60% - 3:18
2 - 49% - 40% - 3:07
PK Forward
1 - 85% - 60% - 6:05
2 - 15% - 40% - 1:05
PK Defense
1 - 70% - 60% - 5:03
2 - 30% - 40% - 2:07
PK3 Forward
1 - 0% - 60%
2 - 0% - 40%
PK3 Defense
1 - 0% - 60%
2 - 0% - 40%
44 Forward
1 - 79% - 60% - 1:17
2 - 21% - 40% - 0:20
44 Defense
1 - 65% - 60% - 1:03
2 - 35% - 40% - 0:34
Last Minute Offensive - 0:00
Last Minute Defensive - 1:14
Total
Forward - 60:00
Defense - 60:00
|
Play by Play
1st period
0:01 of 1st period - Corban Knight wins face-off versus Stephane Da Costa in neutral zone.
0:58 of 1st period - Slapshot by Phil McRae.
0:58 of 1st period - Stopped by Brad Thiessen with a rebound.
1:32 of 1st period - Corban Knight is hit by Samuel Morin and loses puck.
1:39 of 1st period - Snap shot by Gabriel Bourque.
1:39 of 1st period - Shot Blocked by Derek Forbort.
1:41 of 1st period - Slapshot by Samuel Morin.
1:41 of 1st period - Stopped by Karri Ramo with a rebound.
1:58 of 1st period - Off-side.
1:59 of 1st period - Andrej Nestrasil wins face-off versus Tommy Wingels in neutral zone.
2:02 of 1st period - Nick Foligno is hit by Spencer Machacek and loses puck.
3:01 of 1st period - Wrist shot by Phil McRae.
3:01 of 1st period - Shot Blocked by Grant Besse.
3:03 of 1st period - Slapshot by Justin Falk.
3:03 of 1st period - Shot Misses the Net.
3:05 of 1st period - Snap shot by Justin Falk.
3:05 of 1st period - Deflect By Brandon McMillan.
3:05 of 1st period - Goal by Brandon McMillan - Senators : 0 - Demolitions : 1.
3:06 of 1st period - Corban Knight wins face-off versus Stephane Da Costa in neutral zone.
4:17 of 1st period - Snap shot by Zemgus Girgensons.
4:17 of 1st period - Shot Blocked by Justin Falk.
4:23 of 1st period - Andy Andreoff is hit by Corban Knight and loses puck.
5:02 of 1st period - Snap shot by Billy Sweat.
5:02 of 1st period - Stopped by Brad Thiessen with a rebound.
5:04 of 1st period - Slapshot by Dmitri Orlov.
5:04 of 1st period - Stopped by Brad Thiessen without a rebound.
5:05 of 1st period - Corban Knight wins face-off versus Tommy Wingels in Senators zone.
5:31 of 1st period - Dmitri Orlov is hit by Keegan Lowe and loses puck.
5:32 of 1st period - Dmitri Orlov from Demolitions is injured at 5:32 of 1st period (Right Hand).
5:33 of 1st period - Stephane Da Costa wins face-off versus Corban Knight in Demolitions zone.
5:36 of 1st period - Minor Penalty to Garnet Hathaway for Slashing.
5:37 of 1st period - Erik Cole wins face-off versus Stephane Da Costa in Demolitions zone.
6:20 of 1st period - Robert Bortuzzo is hit by Tommy Wingels.
7:36 of 1st period - Penalty to Garnet Hathaway is over, Garnet Hathaway is back on ice.
7:48 of 1st period - Arturs Kulda is hit by Nick Pryor and loses puck.
8:56 of 1st period - Olli Maatta is hit by Justin Falk and loses puck.
9:22 of 1st period - Dylan Blujus is hit by Cameron Schilling and loses puck.
9:50 of 1st period - Ian Cole is hit by Lane MacDermid and loses puck.
10:05 of 1st period - Phil McRae is hit by Arturs Kulda.
10:18 of 1st period - Minor Penalty to Matt Frattin for Cross-checking.
10:19 of 1st period - Gabriel Bourque wins face-off versus Andrej Nestrasil in Senators zone.
10:52 of 1st period - Snap shot by Garnet Hathaway.
10:52 of 1st period - Stopped by Brad Thiessen with a rebound.
12:18 of 1st period - Penalty to Matt Frattin is over, Matt Frattin is back on ice.
12:25 of 1st period - Andy Andreoff is hit by Joel Vermin.
12:35 of 1st period - Matt Frattin is hit by Aaron Palushaj and loses puck.
13:23 of 1st period - Nick Foligno is hit by Lane MacDermid.
13:37 of 1st period - Stephane Da Costa is hit by Billy Sweat and loses puck.
13:50 of 1st period - Phil McRae is hit by Andy Andreoff and loses puck.
14:13 of 1st period - Dylan Blujus is hit by Lane MacDermid and loses puck.
14:48 of 1st period - Snap shot by Gabriel Bourque.
14:48 of 1st period - Stopped by Karri Ramo with a rebound.
15:12 of 1st period - Snap shot by Nick Foligno.
15:12 of 1st period - Stopped by Karri Ramo with a rebound.
15:26 of 1st period - Wrist shot by Tomas Jurco.
15:26 of 1st period - Shot Misses the Net.
15:28 of 1st period - Slapshot by Ian Cole.
15:28 of 1st period - Stopped by Karri Ramo without a rebound.
15:29 of 1st period - Chandler Stephenson wins face-off versus Nick Shore in Demolitions zone.
15:34 of 1st period - Slapshot by Chandler Stephenson.
15:34 of 1st period - Stopped by Karri Ramo with a rebound.
15:36 of 1st period - Slapshot by Mason Geertsen.
15:36 of 1st period - Shot Blocked by Cameron Schilling.
15:40 of 1st period - Slapshot by Ian Cole.
15:40 of 1st period - Deflect By Andy Andreoff.
15:40 of 1st period - Shot Misses the Net.
15:40 of 1st period - Puck is out of play.
15:41 of 1st period - Stephane Da Costa wins face-off versus Corban Knight in Demolitions zone.
15:42 of 1st period - Snap shot by Gabriel Bourque.
15:42 of 1st period - Stopped by Karri Ramo with a rebound.
15:48 of 1st period - Snap shot by Erik Cole.
15:48 of 1st period - Stopped by Brad Thiessen with a rebound.
15:50 of 1st period - Snap shot by Erik Cole.
15:50 of 1st period - Shot Misses the Net.
15:55 of 1st period - Minor Penalty to Arturs Kulda for Hooking.
15:56 of 1st period - Gabriel Bourque wins face-off versus Corban Knight in Senators zone.
16:02 of 1st period - Justin Falk is hit by Ian Cole and loses puck.
16:17 of 1st period - Minor Penalty to Corban Knight for High sticking.
16:18 of 1st period - Erik Cole wins face-off versus Gabriel Bourque in Demolitions zone.
16:23 of 1st period - Slapshot by Justin Falk.
16:23 of 1st period - Stopped by Brad Thiessen with a rebound.
16:25 of 1st period - Snap shot by Justin Falk.
16:25 of 1st period - Stopped by Brad Thiessen without a rebound.
16:26 of 1st period - Gabriel Bourque wins face-off versus Erik Cole in Senators zone.
16:33 of 1st period - Cameron Schilling is hit by Stephane Da Costa and loses puck.
16:46 of 1st period - Slapshot by Erik Cole.
16:46 of 1st period - Shot Blocked by Ian Cole.
16:48 of 1st period - Snap shot by Garnet Hathaway.
16:48 of 1st period - Shot Blocked by Stephane Da Costa.
17:16 of 1st period - Snap shot by Garnet Hathaway.
17:16 of 1st period - Shot Blocked by Stephane Da Costa.
17:18 of 1st period - Slapshot by Justin Falk.
17:18 of 1st period - Stopped by Brad Thiessen with a rebound.
17:20 of 1st period - Slapshot by Cameron Schilling.
17:20 of 1st period - Deflect By Erik Cole.
17:20 of 1st period - Shot Blocked by Gabriel Bourque.
17:20 of 1st period - Puck is out of play.
17:21 of 1st period - Spencer Machacek wins face-off versus Nick Foligno in Senators zone.
17:22 of 1st period - Snap shot by Lane MacDermid.
17:22 of 1st period - Stopped by Brad Thiessen with a rebound.
17:55 of 1st period - Penalty to Arturs Kulda is over, Arturs Kulda is back on ice.
18:03 of 1st period - Slapshot by Ian Cole.
18:03 of 1st period - Deflect By Arturs Kulda.
18:03 of 1st period - Shot Misses the Net.
18:03 of 1st period - Puck is out of play.
18:04 of 1st period - Tommy Wingels wins face-off versus Spencer Machacek in Demolitions zone.
18:09 of 1st period - Snap shot by Nick Foligno.
18:09 of 1st period - Deflect By Tommy Wingels.
18:09 of 1st period - Stopped by Karri Ramo with a rebound.
18:11 of 1st period - Wrist shot by Tommy Wingels.
18:11 of 1st period - Shot Misses the Net.
18:13 of 1st period - Slapshot by Olli Maatta.
18:13 of 1st period - Shot Misses the Net.
18:17 of 1st period - Penalty to Corban Knight is over, Corban Knight is back on ice.
18:17 of 1st period - Snap shot by Tommy Wingels.
18:17 of 1st period - Stopped by Karri Ramo without a rebound.
18:18 of 1st period - Tommy Wingels wins face-off versus Corban Knight in Demolitions zone.
18:23 of 1st period - Snap shot by Tommy Wingels.
18:23 of 1st period - Stopped by Karri Ramo without a rebound.
18:24 of 1st period - Tommy Wingels wins face-off versus Corban Knight in Demolitions zone.
18:25 of 1st period - Snap shot by Tomas Jurco.
18:25 of 1st period - Stopped by Karri Ramo with a rebound.
18:27 of 1st period - Wrist shot by Tomas Jurco.
18:27 of 1st period - Shot Blocked by Justin Falk.
18:29 of 1st period - Snap shot by Tomas Jurco.
18:29 of 1st period - Goal by Tomas Jurco - Senators : 1 - Demolitions : 1.
18:30 of 1st period - Stephane Da Costa wins face-off versus Erik Cole in neutral zone.
18:33 of 1st period - Wrist shot by Stephane Da Costa.
18:33 of 1st period - Stopped by Karri Ramo with a rebound.
18:56 of 1st period - Cameron Schilling is hit by Nick Foligno and loses puck.
19:41 of 1st period - Snap shot by Andy Andreoff.
19:41 of 1st period - Goal by Andy Andreoff - Senators : 2 - Demolitions : 1.
19:42 of 1st period - Corban Knight wins face-off versus Stephane Da Costa in neutral zone.
19:56 of 1st period - Off-side.
19:57 of 1st period - Tommy Wingels wins face-off versus Andrej Nestrasil in neutral zone.
Goals for this period are 2 for Senators vs 1 for Demolitions.
Shots for this period are 13 for Senators vs 10 for Demolitions.
2nd period
0:01 of 2nd period - Corban Knight wins face-off versus Stephane Da Costa in neutral zone.
0:04 of 2nd period - Backhand shot by Justin Falk.
0:04 of 2nd period - Stopped by Brad Thiessen without a rebound.
0:05 of 2nd period - Stephane Da Costa wins face-off versus Corban Knight in Senators zone.
0:17 of 2nd period - Corban Knight is hit by Gabriel Bourque and loses puck.
0:36 of 2nd period - Slapshot by Nick Foligno.
0:36 of 2nd period - Stopped by Karri Ramo without a rebound.
0:37 of 2nd period - Tommy Wingels wins face-off versus Andrej Nestrasil in Demolitions zone.
0:38 of 2nd period - Wrist shot by Nick Foligno.
0:38 of 2nd period - Shot Misses the Net.
0:40 of 2nd period - Slapshot by Olli Maatta.
0:40 of 2nd period - Deflect By Nick Foligno.
0:40 of 2nd period - Shot Blocked by Derek Forbort.
0:40 of 2nd period - Puck is out of play.
0:41 of 2nd period - Andrej Nestrasil wins face-off versus Tommy Wingels in Demolitions zone.
0:48 of 2nd period - Snap shot by Nick Foligno.
0:48 of 2nd period - Shot Misses the Net.
0:50 of 2nd period - Slapshot by Samuel Morin.
0:50 of 2nd period - Stopped by Karri Ramo with a rebound.
0:52 of 2nd period - Snap shot by Nick Foligno.
0:52 of 2nd period - Shot Blocked by Spencer Machacek.
0:54 of 2nd period - Slapshot by Olli Maatta.
0:54 of 2nd period - Stopped by Karri Ramo with a rebound.
0:56 of 2nd period - Wrist shot by Tommy Wingels.
0:56 of 2nd period - Shot Misses the Net.
1:12 of 2nd period - Wrist shot by Garnet Hathaway.
1:12 of 2nd period - Stopped by Brad Thiessen with a rebound.
1:22 of 2nd period - Minor Penalty to Garnet Hathaway for Holding.
1:23 of 2nd period - Stephane Da Costa wins face-off versus Erik Cole in Demolitions zone.
1:28 of 2nd period - Snap shot by Gabriel Bourque.
1:28 of 2nd period - Shot Misses the Net.
1:30 of 2nd period - Snap shot by Stephane Da Costa.
1:30 of 2nd period - Stopped by Karri Ramo without a rebound.
1:31 of 2nd period - Stephane Da Costa wins face-off versus Erik Cole in Demolitions zone.
1:40 of 2nd period - Slapshot by Stephane Da Costa.
1:40 of 2nd period - Stopped by Karri Ramo without a rebound.
1:41 of 2nd period - Stephane Da Costa wins face-off versus Erik Cole in Demolitions zone.
1:54 of 2nd period - Slapshot by Arturs Kulda.
1:54 of 2nd period - Stopped by Karri Ramo with a rebound.
1:56 of 2nd period - Snap shot by Matt Frattin.
1:56 of 2nd period - Stopped by Karri Ramo with a rebound.
2:06 of 2nd period - Cameron Schilling is hit by Ian Cole and loses puck.
2:13 of 2nd period - Snap shot by Nick Foligno.
2:13 of 2nd period - Goal by Nick Foligno - Senators : 3 - Demolitions : 1.
2:14 of 2nd period - Stephane Da Costa wins face-off versus Andrej Nestrasil in neutral zone.
2:30 of 2nd period - Wrist shot by Stephane Da Costa.
2:30 of 2nd period - Stopped by Karri Ramo with a rebound.
3:24 of 2nd period - Snap shot by Stephane Da Costa.
3:24 of 2nd period - Deflect By Matt Frattin.
3:24 of 2nd period - Stopped by Karri Ramo with a rebound.
3:40 of 2nd period - Wrist shot by Grant Besse.
3:40 of 2nd period - Shot Misses the Net.
3:46 of 2nd period - Andy Andreoff is hit by Spencer Machacek and loses puck.
4:37 of 2nd period - Wrist shot by Aaron Palushaj.
4:37 of 2nd period - Stopped by Brad Thiessen with a rebound.
4:49 of 2nd period - Snap shot by Stephane Da Costa.
4:49 of 2nd period - Shot Blocked by Nick Pryor.
4:57 of 2nd period - Backhand shot by Gabriel Bourque.
4:57 of 2nd period - Stopped by Karri Ramo with a rebound.
4:59 of 2nd period - Slapshot by Keegan Lowe.
4:59 of 2nd period - Shot Blocked by Corban Knight.
5:08 of 2nd period - Corban Knight is hit by Tomas Jurco and loses puck.
5:20 of 2nd period - Minor Penalty to Tommy Wingels for Hooking.
5:21 of 2nd period - Gabriel Bourque wins face-off versus Andrej Nestrasil in Senators zone.
5:21 of 2nd period - Gabriel Bourque is hit by Cameron Schilling.
5:34 of 2nd period - Arturs Kulda is hit by Andrej Nestrasil and loses puck.
6:16 of 2nd period - Icing by Garnet Hathaway.
6:17 of 2nd period - Blake Coleman wins face-off versus Corban Knight in Demolitions zone.
6:34 of 2nd period - Wrist shot by Andrej Nestrasil.
6:34 of 2nd period - Stopped by Brad Thiessen with a rebound.
7:20 of 2nd period - Penalty to Tommy Wingels is over, Tommy Wingels is back on ice.
7:27 of 2nd period - Slapshot by Cameron Schilling.
7:27 of 2nd period - Shot Misses the Net.
7:29 of 2nd period - Slapshot by Brandon McMillan.
7:29 of 2nd period - Shot Misses the Net.
7:31 of 2nd period - Snap shot by Nick Pryor.
7:31 of 2nd period - Shot Misses the Net.
7:45 of 2nd period - Olli Maatta is hit by Nick Pryor and loses puck.
8:10 of 2nd period - Slapshot by Ian Cole.
8:10 of 2nd period - Deflect By Andy Andreoff.
8:10 of 2nd period - Shot Misses the Net.
8:10 of 2nd period - Puck is out of play.
8:11 of 2nd period - Tommy Wingels wins face-off versus Andrej Nestrasil in Demolitions zone.
8:50 of 2nd period - Icing by Nick Pryor.
8:51 of 2nd period - Chandler Stephenson wins face-off versus Corban Knight in Demolitions zone.
8:54 of 2nd period - Wrist shot by Stephane Da Costa.
8:54 of 2nd period - Stopped by Karri Ramo with a rebound.
8:56 of 2nd period - Backhand shot by Matt Frattin.
8:56 of 2nd period - Shot Blocked by Garnet Hathaway.
8:58 of 2nd period - Backhand shot by Dylan Blujus.
8:58 of 2nd period - Shot Blocked by Nick Pryor.
9:00 of 2nd period - Snap shot by Gabriel Bourque.
9:00 of 2nd period - Stopped by Karri Ramo without a rebound.
9:01 of 2nd period - Stephane Da Costa wins face-off versus Corban Knight in Demolitions zone.
9:02 of 2nd period - Slapshot by Gabriel Bourque.
9:02 of 2nd period - Stopped by Karri Ramo with a rebound.
9:04 of 2nd period - Snap shot by Stephane Da Costa.
9:04 of 2nd period - Stopped by Karri Ramo without a rebound.
9:05 of 2nd period - Stephane Da Costa wins face-off versus Corban Knight in Demolitions zone.
9:36 of 2nd period - Wrist shot by Spencer Machacek.
9:36 of 2nd period - Shot Misses the Net.
10:15 of 2nd period - Slapshot by Robert Bortuzzo.
10:15 of 2nd period - Shot Blocked by Olli Maatta.
10:17 of 2nd period - Minor Penalty to Matt Frattin for Roughing.
10:18 of 2nd period - Corban Knight wins face-off versus Gabriel Bourque in Senators zone.
10:21 of 2nd period - Wrist shot by Garnet Hathaway.
10:21 of 2nd period - Shot Misses the Net.
10:23 of 2nd period - Snap shot by Corban Knight.
10:23 of 2nd period - Goal by Corban Knight - Senators : 3 - Demolitions : 2.
10:24 of 2nd period - Corban Knight wins face-off versus Stephane Da Costa in neutral zone.
10:57 of 2nd period - Andrej Nestrasil is hit by Nick Foligno.
11:07 of 2nd period - Ian Cole is hit by Lane MacDermid and loses puck.
11:22 of 2nd period - Wrist shot by Lane MacDermid.
11:22 of 2nd period - Stopped by Brad Thiessen with a rebound.
11:42 of 2nd period - Snap shot by Spencer Machacek.
11:42 of 2nd period - Shot Misses the Net.
12:06 of 2nd period - Snap shot by Tommy Wingels.
12:06 of 2nd period - Stopped by Karri Ramo without a rebound.
12:07 of 2nd period - Erik Cole wins face-off versus Matt Frattin in Demolitions zone.
12:21 of 2nd period - Minor Penalty to Erik Cole for Interference.
12:22 of 2nd period - Stephane Da Costa wins face-off versus Phil McRae in Demolitions zone.
14:00 of 2nd period - Samuel Morin is hit by Justin Falk and loses puck.
14:11 of 2nd period - Brandon McMillan is hit by Brett Bulmer and loses puck.
14:21 of 2nd period - Penalty to Erik Cole is over, Erik Cole is back on ice.
14:30 of 2nd period - Slapshot by Grant Besse.
14:30 of 2nd period - Stopped by Karri Ramo without a rebound.
14:31 of 2nd period - Nick Shore wins face-off versus Zemgus Girgensons in Demolitions zone.
14:38 of 2nd period - Backhand shot by Sebastian Wannstrom.
14:38 of 2nd period - Shot Blocked by Joel Vermin.
14:52 of 2nd period - Zemgus Girgensons is hit by Billy Sweat and loses puck.
15:49 of 2nd period - Slapshot by Andy Andreoff.
15:49 of 2nd period - Shot Misses the Net.
16:01 of 2nd period - Stephane Da Costa is hit by Garnet Hathaway and loses puck.
16:20 of 2nd period - Johannes Salmonsson is hit by Justin Falk and loses puck.
16:38 of 2nd period - Tommy Wingels is hit by Spencer Machacek and loses puck.
16:58 of 2nd period - Icing by Phil McRae.
16:59 of 2nd period - Stephane Da Costa wins face-off versus Phil McRae in Demolitions zone.
17:14 of 2nd period - Snap shot by Brandon McMillan.
17:14 of 2nd period - Shot Misses the Net.
17:54 of 2nd period - Zemgus Girgensons is hit by Joel Vermin and loses puck.
18:11 of 2nd period - Stephane Da Costa is hit by Erik Cole and loses puck.
19:08 of 2nd period - Snap shot by Gabriel Bourque.
19:08 of 2nd period - Stopped by Karri Ramo with a rebound.
19:10 of 2nd period - Wrist shot by Matt Frattin.
19:10 of 2nd period - Shot Misses the Net.
19:26 of 2nd period - Snap shot by Nick Shore.
19:26 of 2nd period - Shot Misses the Net.
19:28 of 2nd period - Wrist shot by Robert Bortuzzo.
19:28 of 2nd period - Stopped by Brad Thiessen with a rebound.
19:49 of 2nd period - Backhand shot by Andy Andreoff.
19:49 of 2nd period - Shot Blocked by Brandon McMillan.
19:51 of 2nd period - Wrist shot by Andy Andreoff.
19:51 of 2nd period - Shot Misses the Net.
19:53 of 2nd period - Backhand shot by Grant Besse.
19:53 of 2nd period - Shot Misses the Net.
19:55 of 2nd period - Slapshot by Dylan Blujus.
19:55 of 2nd period - Stopped by Karri Ramo without a rebound.
19:56 of 2nd period - Stephane Da Costa wins face-off versus Corban Knight in Demolitions zone.
Goals for this period are 1 for Senators vs 1 for Demolitions.
Shots for this period are 19 for Senators vs 7 for Demolitions.
3rd period
0:01 of 3rd period - Corban Knight wins face-off versus Stephane Da Costa in neutral zone.
0:09 of 3rd period - Slapshot by Erik Cole.
0:09 of 3rd period - Stopped by Brad Thiessen with a rebound.
0:11 of 3rd period - Slapshot by Garnet Hathaway.
0:11 of 3rd period - Deflect By Erik Cole.
0:11 of 3rd period - Deflect By Gabriel Bourque.
0:11 of 3rd period - Stopped by Brad Thiessen without a rebound.
0:12 of 3rd period - Corban Knight wins face-off versus Stephane Da Costa in Senators zone.
0:15 of 3rd period - Wrist shot by Corban Knight.
0:15 of 3rd period - Shot Hit the Post.
0:23 of 3rd period - Snap shot by Gabriel Bourque.
0:23 of 3rd period - Stopped by Karri Ramo with a rebound.
0:39 of 3rd period - Tomas Jurco is hit by Lane MacDermid and loses puck.
0:45 of 3rd period - Off-side.
0:46 of 3rd period - Stephane Da Costa wins face-off versus Spencer Machacek in neutral zone.
1:25 of 3rd period - Gabriel Bourque is hit by Cameron Schilling and loses puck.
2:20 of 3rd period - Slapshot by Gabriel Bourque.
2:20 of 3rd period - Stopped by Karri Ramo with a rebound.
2:22 of 3rd period - Slapshot by Samuel Morin.
2:22 of 3rd period - Shot Misses the Net.
2:28 of 3rd period - Wrist shot by Stephane Da Costa.
2:28 of 3rd period - Stopped by Karri Ramo with a rebound.
2:46 of 3rd period - Snap shot by Stephane Da Costa.
2:46 of 3rd period - Shot Misses the Net.
2:48 of 3rd period - Snap shot by Stephane Da Costa.
2:48 of 3rd period - Stopped by Karri Ramo without a rebound.
2:49 of 3rd period - Corban Knight wins face-off versus Tommy Wingels in Demolitions zone.
2:58 of 3rd period - Corban Knight is hit by Ian Cole and loses puck.
3:09 of 3rd period - Nick Foligno is hit by Garnet Hathaway and loses puck.
3:30 of 3rd period - Wrist shot by Aaron Palushaj.
3:30 of 3rd period - Shot Blocked by Arturs Kulda.
3:32 of 3rd period - Backhand shot by Phil McRae.
3:32 of 3rd period - Shot Misses the Net.
3:34 of 3rd period - Slapshot by Phil McRae.
3:34 of 3rd period - Shot Misses the Net.
3:46 of 3rd period - Nick Shore is hit by Andy Andreoff and loses puck.
4:28 of 3rd period - Wrist shot by Lane MacDermid.
4:28 of 3rd period - Stopped by Brad Thiessen without a rebound.
4:29 of 3rd period - Tommy Wingels wins face-off versus Lane MacDermid in Senators zone.
4:29 of 3rd period - Tommy Wingels is hit by Lane MacDermid.
4:39 of 3rd period - Snap shot by Nick Foligno.
4:39 of 3rd period - Stopped by Karri Ramo with a rebound.
4:51 of 3rd period - Justin Falk is hit by Zemgus Girgensons and loses puck.
5:30 of 3rd period - Snap shot by Garnet Hathaway.
5:30 of 3rd period - Shot Misses the Net.
5:42 of 3rd period - Nick Foligno is hit by Lane MacDermid and loses puck.
6:05 of 3rd period - Slapshot by Billy Sweat.
6:05 of 3rd period - Goal by Billy Sweat - Senators : 3 - Demolitions : 3.
6:06 of 3rd period - Andrej Nestrasil wins face-off versus Stephane Da Costa in neutral zone.
6:28 of 3rd period - Minor Penalty to Dylan Blujus for Holding Stick.
6:29 of 3rd period - Corban Knight wins face-off versus Gabriel Bourque in Senators zone.
6:30 of 3rd period - Wrist shot by Erik Cole.
6:30 of 3rd period - Shot Misses the Net.
6:36 of 3rd period - Backhand shot by Corban Knight.
6:36 of 3rd period - Shot Blocked by Ian Cole.
6:38 of 3rd period - Backhand shot by Corban Knight.
6:38 of 3rd period - Stopped by Brad Thiessen with a rebound.
6:40 of 3rd period - Snap shot by Cameron Schilling.
6:40 of 3rd period - Stopped by Brad Thiessen with a rebound.
6:42 of 3rd period - Slapshot by Justin Falk.
6:42 of 3rd period - Stopped by Brad Thiessen with a rebound.
6:44 of 3rd period - Slapshot by Cameron Schilling.
6:44 of 3rd period - Stopped by Brad Thiessen with a rebound.
6:58 of 3rd period - Slapshot by Cameron Schilling.
6:58 of 3rd period - Stopped by Brad Thiessen with a rebound.
7:00 of 3rd period - Snap shot by Justin Falk.
7:00 of 3rd period - Shot Misses the Net.
8:04 of 3rd period - Andrej Nestrasil is hit by Johannes Salmonsson and loses puck.
8:27 of 3rd period - Andy Andreoff is hit by Joel Vermin and loses puck.
8:28 of 3rd period - Penalty to Dylan Blujus is over, Dylan Blujus is back on ice.
8:36 of 3rd period - Slapshot by Andy Andreoff.
8:36 of 3rd period - Stopped by Karri Ramo without a rebound.
8:37 of 3rd period - Tommy Wingels wins face-off versus Phil McRae in Demolitions zone.
8:46 of 3rd period - Slapshot by Nick Foligno.
8:46 of 3rd period - Shot Blocked by Phil McRae.
8:48 of 3rd period - Slapshot by Tomas Jurco.
8:48 of 3rd period - Shot Hit the Post.
8:50 of 3rd period - Slapshot by Dylan Blujus.
8:50 of 3rd period - Shot Blocked by Nick Pryor.
8:52 of 3rd period - Snap shot by Tommy Wingels.
8:52 of 3rd period - Shot Misses the Net.
9:02 of 3rd period - Zemgus Girgensons is hit by Billy Sweat and loses puck.
9:13 of 3rd period - Backhand shot by Joel Vermin.
9:13 of 3rd period - Shot Blocked by Dylan Blujus.
9:29 of 3rd period - Slapshot by Stephane Da Costa.
9:29 of 3rd period - Stopped by Karri Ramo without a rebound.
9:30 of 3rd period - Andrej Nestrasil wins face-off versus Matt Frattin in Demolitions zone.
9:45 of 3rd period - Wrist shot by Gabriel Bourque.
9:45 of 3rd period - Stopped by Karri Ramo with a rebound.
10:03 of 3rd period - Andrej Nestrasil is hit by Sebastian Wannstrom and loses puck.
10:25 of 3rd period - Corban Knight is hit by Nick Foligno and loses puck.
10:43 of 3rd period - Minor Penalty to Derek Forbort for Interference.
10:44 of 3rd period - Erik Cole wins face-off versus Stephane Da Costa in Demolitions zone.
10:50 of 3rd period - Icing by Ian Cole.
10:51 of 3rd period - Stephane Da Costa wins face-off versus Erik Cole in Senators zone.
10:51 of 3rd period - Stephane Da Costa is hit by Garnet Hathaway.
11:27 of 3rd period - Icing by Gabriel Bourque.
11:28 of 3rd period - Stephane Da Costa wins face-off versus Spencer Machacek in Senators zone.
11:32 of 3rd period - Off-side.
11:33 of 3rd period - Tommy Wingels wins face-off versus Spencer Machacek in neutral zone.
11:36 of 3rd period - Slapshot by Arturs Kulda.
11:36 of 3rd period - Stopped by Karri Ramo without a rebound.
11:37 of 3rd period - Tommy Wingels wins face-off versus Erik Cole in Demolitions zone.
12:43 of 3rd period - Penalty to Derek Forbort is over, Derek Forbort is back on ice.
12:47 of 3rd period - Snap shot by Erik Cole.
12:47 of 3rd period - Shot Misses the Net.
12:49 of 3rd period - Slapshot by Nick Pryor.
12:49 of 3rd period - Shot Misses the Net.
12:51 of 3rd period - Snap shot by Erik Cole.
12:51 of 3rd period - Shot Misses the Net.
12:53 of 3rd period - Snap shot by Erik Cole.
12:53 of 3rd period - Goal by Erik Cole - Senators : 3 - Demolitions : 4.
12:54 of 3rd period - Stephane Da Costa wins face-off versus Spencer Machacek in neutral zone.
13:02 of 3rd period - Snap shot by Lane MacDermid.
13:02 of 3rd period - Stopped by Brad Thiessen without a rebound.
13:03 of 3rd period - Andrej Nestrasil wins face-off versus Stephane Da Costa in Senators zone.
13:36 of 3rd period - Snap shot by Gabriel Bourque.
13:36 of 3rd period - Stopped by Karri Ramo without a rebound.
13:37 of 3rd period - Corban Knight wins face-off versus Tommy Wingels in Demolitions zone.
14:22 of 3rd period - Samuel Morin is hit by Robert Bortuzzo.
14:30 of 3rd period - Snap shot by Garnet Hathaway.
14:30 of 3rd period - Stopped by Brad Thiessen without a rebound.
14:31 of 3rd period - Stephane Da Costa wins face-off versus Andrej Nestrasil in Senators zone.
15:11 of 3rd period - Snap shot by Cameron Schilling.
15:11 of 3rd period - Stopped by Brad Thiessen without a rebound.
15:12 of 3rd period - Zemgus Girgensons wins face-off versus Phil McRae in Senators zone.
15:12 of 3rd period - Zemgus Girgensons is hit by Derek Forbort.
15:22 of 3rd period - Phil McRae is hit by Johannes Salmonsson and loses puck.
16:08 of 3rd period - Arturs Kulda is hit by Corban Knight and loses puck.
16:25 of 3rd period - Snap shot by Lane MacDermid.
16:25 of 3rd period - Shot Misses the Net.
16:27 of 3rd period - Wrist shot by Lane MacDermid.
16:27 of 3rd period - Shot Misses the Net.
16:47 of 3rd period - Snap shot by Brandon McMillan.
16:47 of 3rd period - Stopped by Brad Thiessen with a rebound.
17:15 of 3rd period - Snap shot by Nick Foligno.
17:15 of 3rd period - Shot Blocked by Nick Pryor.
17:17 of 3rd period - Slapshot by Keegan Lowe.
17:17 of 3rd period - Stopped by Karri Ramo with a rebound.
17:19 of 3rd period - Snap shot by Tomas Jurco.
17:19 of 3rd period - Shot Blocked by Nick Pryor.
17:21 of 3rd period - Slapshot by Dylan Blujus.
17:21 of 3rd period - Deflect By Nick Shore.
17:21 of 3rd period - Stopped by Karri Ramo with a rebound.
17:23 of 3rd period - Wrist shot by Keegan Lowe.
17:23 of 3rd period - Stopped by Karri Ramo without a rebound.
17:24 of 3rd period - Phil McRae wins face-off versus Stephane Da Costa in Demolitions zone.
18:45 of 3rd period - Snap shot by Garnet Hathaway.
18:45 of 3rd period - Stopped by Brad Thiessen without a rebound.
18:46 of 3rd period - Patrick Roy call a timeout for Senators.
18:46 of 3rd period - Stephane Da Costa wins face-off versus Corban Knight in Senators zone.
18:57 of 3rd period - Senators, Brad Thiessen is pulled from the net.
19:04 of 3rd period - Icing by Garnet Hathaway.
19:05 of 3rd period - Stephane Da Costa wins face-off versus Corban Knight in Demolitions zone.
Goals for this period are 0 for Senators vs 2 for Demolitions.
Shots for this period are 13 for Senators vs 15 for Demolitions.
Back to the Top